 Dungeon Crawl Stone Soup version 0.28.0-1-gb440e238dd (webtiles) character file.

Game seed: 7088722861360513444

1308 themarg the Destroyer (level 8, -2/43 HPs)
             Began as a Tengu Conjurer on Feb 20, 2022.
             Killed from afar by an acid dragon (13 damage)
             ... with a splash of acid
             ... on level 6 of the Dungeon.
             The game lasted 00:26:45 (6895 turns).

themarg the Destroyer (Tengu Conjurer)              Turns: 6895, Time: 00:26:45

Health: -2/43      AC: -1    Str:  8    XL:     8   Next: 58%
Magic:  16/16      EV: 15    Int: 21    God:
Gold:   194        SH:  0    Dex: 12    Spells: 8/17 levels left

rFire   . . .      SeeInvis .   f - +1 dagger (venom)
rCold   . . .      Faith    .   (no shield)
rNeg    . . .      Spirit   .   a - +0 robe
rPois   .          Reflect  .   (helmet restricted)
rElec   .          Harm     .   (no cloak)
rCorr   .          Rampage  .   e - +0 pair of gloves
Will    .....                   (boots unavailable)
Stlth   ++........              (no amulet)
HPRegen 0.14/turn               (no ring)
MPRegen 0.15/turn               (no ring)

@: corroded, flying quickly and evasively, quick
A: beak, talons 3, nimble flight
a: no special abilities


You were on level 6 of the Dungeon.
You visited 1 branch of the dungeon, and saw 6 of its levels.

You collected 194 gold pieces.

Inventory:

Hand Weapons
 f - a +1 dagger of venom (weapon)
 j - the +2 dagger of Ascent {protect, *Noise Int+6 Dex+3 SInv}
   (You found it on level 4 of the Dungeon)

   It grants its wielder temporary protection when it strikes (+7 to AC).
   Int:       It affects your intelligence (+6).
   Dex:       It affects your dexterity (+3).
   SInv:      It lets you see invisible.
   *Noise:    It may make noises in combat.
Missiles
 b - 109 stones
 d - 5 javelins
 k - 3 boomerangs
 o - 9 poisoned darts
Armour
 a - a +0 robe (worn)
 e - a +0 pair of gloves (worn)
 g - a +0 buckler
Jewellery
 p - a ring of ice
 t - a +6 ring of intelligence
Wands
 q - a wand of paralysis (9)
Scrolls
 c - a scroll of torment {unknown}
 i - 3 scrolls of blinking
 l - 3 scrolls of enchant armour {unknown}
 r - a scroll of fog {unknown}
 w - a scroll of noise {unknown}
Potions
 h - a potion of curing
 m - a potion of mutation
 n - 3 potions of attraction
 s - a potion of lignification {unknown}
 v - a potion of degeneration {unknown}


   Skills:
 + Level 1.6 Fighting
 + Level 3.0 Short Blades
 + Level 4.3 Dodging
 + Level 3.4 Stealth
 + Level 5.0 Spellcasting
 + Level 9.9 Conjurations
 + Level 0.6 Earth Magic


You had 8 spell levels left.
You knew the following spells:

 Your Spells              Type           Power      Damage    Failure   Level
a - Magic Dart            Conj           100%       1d8       1%          1
b - Searing Ray           Conj           94%        2d7       1%          2
c - Dazzling Flash        Conj/Hex       52%        N/A       4%          3
d - Stone Arrow           Conj/Erth      54%        3d10      3%          3

Your spell library contained the following spells:

 Spells                   Type           Power      Damage    Failure   Level
 Fulminant Prism          Conj/Hex       13%        3d9       14%         4
 Iskenderun's Mystic Bla  Conj/Tloc      26%        2d7       14%         4
 Animate Armour           Summ/Erth      12%        N/A       67%         4
 Lehudib's Crystal Spear  Conj/Erth      13%        10d5      100%        8


Dungeon Overview and Level Annotations

Branches:
Dungeon (6/15)
 Temple: D:4-7

Altars:
Cheibriados
Zin

Annotations:
D:3 3 runed translucent doors, mcwallace's ghost, amateur GnMo


Innate Abilities, Weirdness & Mutations

You have a beak for a mouth.
You have claws for feet.
Your magical nature lets you fly swiftly and evasively.


Message History

Press: ? - help, Shift-Dir - straight line, f - howler monkey zombie
Aim: a howler monkey zombie (wandering, hasn't noticed you, 100% to hit)
The magic dart hits the howler monkey zombie!
The howler monkey zombie is moderately damaged.
Casting: Magic Dart (safe; 1% risk of failure)
Confirm with . or Enter, or press ? or * to list all spells.
Aiming: Magic Dart (safe; 1% risk of failure)
Press: ? - help, Shift-Dir - straight line, f/p - howler monkey zombie
Aim: a howler monkey zombie (moderately damaged, 100% to hit)
The magic dart hits the howler monkey zombie.
The howler monkey zombie is moderately damaged.
Casting: Magic Dart (safe; 1% risk of failure)
Confirm with . or Enter, or press ? or * to list all spells.
Aiming: Stone Arrow (dangerous; 3% risk of failure)
Press: ? - help, Shift-Dir - straight line, f/p - howler monkey zombie
Aim: a howler monkey zombie (moderately damaged, 86% to hit)
The stone arrow hits the howler monkey zombie!!
You destroy the howler monkey zombie!
You start resting.
An acid dragon comes into view.
You start resting.
Magic restored.
You see here a hound corpse.
Casting: Stone Arrow (dangerous; 3% risk of failure)
Confirm with . or Enter, or press ? or * to list all spells.
Aiming: Magic Dart (safe; 1% risk of failure)
Press: ? - help, Shift-Dir - straight line, f - acid dragon
Aim: an acid dragon (wandering, hasn't noticed you, 100% to hit)
The magic dart hits the acid dragon.
The acid dragon is lightly wounded.
The acid dragon spits acid at you. The splash of acid hits you!!
Ouch! That really hurt!
* * * LOW HITPOINT WARNING * * *
The acid corrodes you!
You reach down and open the door.
You see here a hound corpse.
The acid dragon spits acid at you. The splash of acid hits you!
You die...

#.....######
..........
#...........
.........
##.....######
#.#......
#.......#
#.'......
#.......#
#D#......
#.......# #.#
..... #.......#
#.# #### #.......#
#######D#
#..(....#
#.@.....#
#.......#
#.#######
#.......# #.#...#
#.....).# #.#.#.#
#.......# #.#.#.#
####.#### #.#.#.#
#.##########.#.#.#
#..............#.#
############.#.#.#


You could see an acid dragon (catching breath).

Vanquished Creatures
  A sky beast (D:5)
  2 necrophages
  2 black bears
  An ogre (D:3)
  A scorpion (D:5)
  A water moccasin skeleton (D:4)
  A bullfrog zombie (D:6)
  2 centaur zombies
  A hound (D:6)
  A jelly (D:4)
  An orc priest (D:3)
  A bullfrog skeleton (D:5)
  An iguana (D:4)
  7 orc wizards
  A hound zombie (D:5)
  A howler monkey zombie (D:6)
  8 adders
  2 shadow imps
  2 white imps
  An adder skeleton (D:4)
  A worm (D:2)
  6 dart slugs
  12 orcs
  7 ball pythons
  5 bats
  6 endoplasms
  3 giant cockroaches (D:2)
  11 goblins
  4 hobgoblins
  14 jackals
  3 kobolds
  2 quokkas
  5 frilled lizards
  6 rats
123 creatures vanquished.

Notes
Turn   | Place    | Note
-------+----------+-------------------------------------------
     0 | D:1      | themarg the Tengu Conjurer began the quest for the Orb.
     0 | D:1      | Reached XP level 1. HP: 10/10 MP: 4/4
   222 | D:1      | Reached XP level 2. HP: 15/15 MP: 1/6
   451 | D:1      | Reached skill level 6 in Conjurations
   853 | D:1      | Reached XP level 3. HP: 19/19 MP: 5/7
  1185 | D:2      | Learned a level 2 spell: Searing Ray
  1498 | D:2      | Reached XP level 4. HP: 24/24 MP: 4/8
  1554 | D:2      | Learned a level 3 spell: Dazzling Flash
  1564 | D:2      | Reached skill level 7 in Conjurations
  2435 | D:3      | Found a snail-covered altar of Cheibriados.
  2616 | D:3      | Noticed an ogre
  2877 | D:3      | Gained mutation: Your magical nature lets you fly swiftly
                  | and evasively. [Tengu growth]
  2877 | D:3      | Reached XP level 5. HP: 28/28 MP: 7/9
  3126 | D:3      | Reached skill level 1 in Short Blades
  3268 | D:3      | Reached XP level 6. HP: 28/32 MP: 9/11
  3298 | D:3      | Reached skill level 8 in Conjurations
  3522 | D:3      | Found a runed translucent gate.
  3524 | D:3      | Found a runed translucent gate.
  3525 | D:3      | Found a runed translucent gate.
  3528 | D:3      | Noticed mcwallace's ghost (amateur GnMo)
  3781 | D:4      | Identified the +2 dagger of Ascent {protect, *Noise Int+6
                  | Dex+3 SInv}
  4043 | D:4      | Learned a level 3 spell: Stone Arrow
  4151 | D:4      | Noticed a black bear
  4276 | D:4      | Reached XP level 7. HP: 19/37 MP: 3/13
  4673 | D:5      | Entered Level 5 of the Dungeon
  5252 | D:5      | Reached skill level 1 in Fighting
  5252 | D:5      | Reached skill level 9 in Conjurations
  5465 | D:5      | Found a glowing silver altar of Zin.
  5548 | D:5      | Reached XP level 8. HP: 34/43 MP: 10/15
  6756 | D:6      | Reached skill level 5 in Spellcasting
  6895 | D:6      | Killed from afar by an acid dragon

Illustrated notes

Levels and vault maps discovered:
D:1:      ncdulo_lavacross, layout_loops_corners, fountainhead
D:2:      layout_loops_ring
D:3:      layout_loops_ring, mainiacjoe_overflow_paths,
          gammafunk_ghost_necromancy
D:4:      minmay_wonky_spiral, layout_basic
D:5:      layout_cave_pods, mainiacjoe_overflow_six_doors_small
D:6:      layout_basic, minmay_temple_entry_butterflies,
          nicolae_shop_sticking_my_neck_out

Skill      XL: |  1  2  3  4  5  6  7  8 |
---------------+-------------------------+-----
Conjurations   | 6 7 8 9 |  9.9
Short Blades   | 1 2 3 |  3.0
Spellcasting   | 3 4 5 |  5.0
Dodging        | 3 4 |  4.3
Stealth        | 3 |  3.4
Fighting       | 1 |  1.6
Earth Magic    | |  0.6

Action                   |  1- 3 |  4- 6 |  7- 9 || total
-------------------------+-------+-------+-------++-------
Melee: Dagger            |    14 |    39 |    54 ||   107
       Peck              |     2 |     8 |    12 ||    22
       Kick              |     3 |    12 |    25 ||    40
 Cast: Magic Dart        |    42 |   126 |    82 ||   250
       Searing Ray       |       |     3 |       ||     3
       Stone Arrow       |       |       |    19 ||    19
  Use: Scroll            |       |     3 |     1 ||     4
Armor: Robe              |       |     5 |    10 ||    15
Dodge: Dodged            |    11 |    20 |    32 ||    63
